 Dungeon Crawl Stone Soup version 0.26.1-10-gdfb7c7de75 (webtiles) character file.

Game seed: 11714389478817488923

98 Chiseanne the Magician (level 4, -7/30 HPs)
             Began as a Demonspawn Hedge Wizard on Apr 9, 2021.
             Killed by nerve-wracking pain
             ... invoked by an orc priest
              (9 damage)
             ... on level 3 of the Dungeon.
             The game lasted 00:03:38 (2204 turns).

Chiseanne the Magician (Demonspawn Hedge Wizard)    Turns: 2204, Time: 00:03:39

Health: -7/30      AC: 10    Str: 10    XL:     4   Next: 44%
Magic:  3/10       EV: 12    Int: 17    God:
Gold:   140        SH:  0    Dex: 12    Spells: 5/11 levels left

rFire    . . .     SeeInvis .   a - +1 mace (protect)
rCold    . . .     Faith    .   (no shield)
rNeg     . . .     Spirit   .   b - +1 robe
rPois    .         Reflect  .   c - +0 hat
rElec    .         Harm     .   (no cloak)
rCorr    .         Rampage  .   (no gloves)
Will     .....                  (no boots)
Stlth    ++........             (no amulet)
HPRegen  0.10/turn              (no ring)
MPRegen  0.12/turn              (no ring)

@: mighty, about to teleport, protection aura
A: powered by death 1
a: no special abilities


You were on level 3 of the Dungeon.
You visited 1 branch of the dungeon, and saw 3 of its levels.

You collected 140 gold pieces.

Inventory:

Hand Weapons
 a - a +1 mace of protection (weapon)
Missiles
 d - 16 arrows
 j - 2 javelins
 l - 18 poisoned darts
 m - 35 stones
Armour
 b - a +1 robe (worn)
 c - a +0 hat (worn)
 k - a +1 ring mail of fire resistance
Scrolls
 e - a scroll of enchant weapon
 h - 2 scrolls of remove curse
Potions
 f - a potion of might


   Skills:
 - Level 1.7 Dodging
 - Level 1.7 Stealth
 * Level 4.0 Spellcasting
 * Level 2.8 Conjurations
 - Level 1.0 Summonings
 - Level 0.8 Translocations
 * Level 0.6 Air Magic
 * Level 0.7 Poison Magic


You had 5 spell levels left.
You knew the following spells:

 Your Spells              Type           Power        Failure   Level
a - Magic Dart            Conj           52%          4%          1
b - Blink                 Tloc           N/A          17%         2
d - Mephitic Cloud        Conj/Pois/Air  8%           26%         3

Your spell library contained the following spells:

 Spells                   Type           Power        Failure   Level
 Call Imp                 Summ           6%           16%         2
 Slow                     Hex            3%           24%         2
 Conjure Flame            Conj/Fire      8%           26%         3


Dungeon Overview and Level Annotations

Branches:
Dungeon (3/15)

Altars:

Annotations:
D:2 Robin, Terence


Innate Abilities, Weirdness & Mutations

You regenerate a little health from kills.


Message History

The orc hits you with a +0 flail.
* * * LOW HITPOINT WARNING * * *
You hit the orc.
Your weapon exudes an aura of protection.
The orc is severely wounded.
The orc completely misses you.
You barely miss the orc.
The orc is severely wounded.
The orc priest shouts!
The orc misses you.
You sock the orc!
You kill the orc!
The orc hits you with a +0 short sword.
* * * LOW HITPOINT WARNING * * *
Your Spellcasting skill increases to level 4!
As you read the scroll of teleportation, it crumbles to dust.
You feel strangely unstable.
The orc priest calls down the wrath of Beogh upon you.
Pain shoots through your body!
You die...

##.######## #.#
#.# #.####
#....#### #
####....###.#####
#÷..#..........
####.....###.#####
##@##..#.## #
##o#o#..#.#
##.###...#.# ##.##
##..#.# #.##
##...# ##.##
##..###
##o###o.÷.##
#.(#......#
#.........#


You could see an orc priest and an orc.

Vanquished Creatures
  An orc priest (D:3)
  A gnoll (D:1)
  3 adders
  A worm (D:2)
  2 leopard geckos
  2 orcs (D:3)
  6 goblins
  2 hobgoblins
  2 quokkas (D:2)
  A ball python (D:1)
  4 bats
  A kobold (D:1)
  2 rats (D:1)
28 creatures vanquished.

Notes
Turn   | Place    | Note
-------+----------+-------------------------------------------
     0 | D:1      | Chiseanne the Demonspawn Hedge Wizard began the quest for
                  | the Orb.
     0 | D:1      | Reached XP level 1. HP: 13/13 MP: 4/4
   132 | D:1      | Gained mutation: You regenerate a little health from kills.
                  | [demonic ancestry]
   132 | D:1      | Reached XP level 2. HP: 6/19 MP: 1/6
  1036 | D:2      | Noticed Terence
  1128 | D:2      | Reached XP level 3. HP: 22/24 MP: 1/8
  1591 | D:2      | Noticed Robin
  1938 | D:3      | Learned a level 2 spell: Blink
  1942 | D:3      | Learned a level 3 spell: Mephitic Cloud
  2143 | D:3      | Reached XP level 4. HP: 30/30 MP: 5/9
  2179 | D:3      | HP: 1/30 [orc/+0 flail (8)]
  2204 | D:3      | Reached skill level 4 in Spellcasting
  2204 | D:3      | Killed from afar by an orc priest

Illustrated notes

Levels and vault maps discovered:
D:1:      dpeg_arrival_rooms_a, layout_basic
D:2:      layout_rooms, uniq_crazy_yiuf_cottage, uniq_robin, uniq_terence
D:3:      layout_loops_ring, old_standard_altar, makhleb_grotto_becter

Skill      XL: |  1  2  3  4 |
---------------+-------------+-----
Conjurations   | 2 |  2.8
Spellcasting   | 4 |  4.0
Dodging        | |  1.7
Stealth        | |  1.7
Summonings     | |  1.0
Translocations | |  0.8
Air Magic      | |  0.6
Poison Magic   | |  0.7

Action                   |  1- 3 |  4- 6 || total
-------------------------+-------+-------++-------
Melee: Dagger            |    38 |       ||    38
       Mace              |       |     6 ||     6
 Cast: Magic Dart        |    66 |     9 ||    75
  Use: Scroll            |    11 |     1 ||    12
       Potion            |       |     2 ||     2
Armor: Robe              |     6 |       ||     6
Dodge: Dodged            |    31 |    10 ||    41
